 Dungeon Crawl Stone Soup version 0.22-a0-348-gd16d1391c7 (webtiles) character file.

7290 Laan the Cleaver (level 11, -10/67 HPs)
             Began as a Gargoyle Fighter on Apr 11, 2018.
             Was a Priest of Okawaru.
             Mangled by a titanic slime creature (77 damage)
             ... on level 8 of the Dungeon.
             The game lasted 00:19:24 (7970 turns).

Laan the Cleaver (Gargoyle Fighter)                 Turns: 7970, Time: 00:19:24

Health: -10/67     AC: 19    Str: 29    XL:     11   Next: 12%
Magic:  0/11       EV:  9    Int: 14    God:    Okawaru [***...]
Gold:   508        SH: 11    Dex:  9    Spells: 10/10 levels left

rFire    . . .     SeeInvis .   a - +0 war axe
rCold    + . .     Gourm    .   c - +0 shield
rNeg     + . .     Faith    .   x - +2 ring mail "Cukoy" {rPois rC+ rCorr Str+6}
rPois    ∞         Spirit   +   l - +2 hat {MR+}
rElec    +         Reflect  .   y - scarf {Spirit}
rCorr    +         Harm     .   v - +0 pair of gloves
MR       +....                  (no boots)
Stlth    ..........             D - amulet of the acrobat
HPRegen  0.21/turn              m - +5 ring of intelligence
MPRegen  0.12/turn              (no ring)

@: no status effects
A: negative energy resistance 1, electricity resistance, unbreathing,
petrification resistance, rot immunity, AC +8
a: Heroism, Renounce Religion


You were on level 8 of the Dungeon.
You worshipped Okawaru.
Okawaru was most pleased with you.
You were not hungry.

You visited 2 branches of the dungeon, and saw 10 of its levels.

You collected 508 gold pieces.

Inventory:

Hand Weapons
 a - a +0 war axe (weapon)
Armour
 c - a +0 shield (worn)
 l - a +2 hat of magic resistance (worn)
 v - a +0 pair of gloves (worn)
 x - the +2 ring mail "Cukoy" (worn) {rPois rC+ rCorr Str+6}
   (You found it on level 9 of the Dungeon)

   It affects your strength (+6).
   It protects you from cold.
   It protects you from poison.
   It protects you from acid and corrosion.
 y - a scarf of spirit shield (worn)
Jewellery
 m - a +5 ring of intelligence (left hand)
 D - an amulet of the acrobat (around neck)
Wands
 j - a wand of acid (7)
 o - a wand of polymorph (5)
 z - a wand of random effects (39)
Scrolls
 b - 3 scrolls of amnesia {unknown}
 h - 9 scrolls of identify
 k - 2 scrolls of remove curse {unknown}
 n - 7 scrolls of enchant weapon {unknown}
 q - 2 scrolls of noise {unknown}
 r - 4 scrolls of teleportation {unknown}
 u - 3 scrolls of enchant armour {unknown}
 w - a scroll of magic mapping {unknown}
 A - a scroll of blinking {unknown}
 B - a scroll of acquirement {unknown}
Potions
 d - 2 potions of flight
 i - a potion of agility
 p - 2 potions of curing
 t - a potion of cancellation {unknown}
 C - a potion of brilliance
Comestibles
 f - 10 rations


   Skills:
 + Level 7.3 Fighting
 * Level 12.1 Axes
 + Level 7.3 Armour
 + Level 7.3 Shields


You had 10 spell levels left.
You didn't know any spells.

Dungeon Overview and Level Annotations

Branches:
Dungeon (9/15)             Temple (1/1) D:7
   Lair: D:8-11         Orc: D:9-12

Altars:
Dithmenos
Elyvilon
Fedhas
Gozag
Hepliaklqana
Kikubaaqudgha
Makhleb
Nemelex Xobeh
Okawaru
Qazlal
Ru
Sif Muna
Trog
Uskayaw
Xom
Yredelemnul

Annotations:
D:4 Dargar's ghost, novice DrGl


Innate Abilities, Weirdness & Mutations

You are resistant to torment.
Your stone body is resilient. (AC +8)
You are immune to poison.
You resist negative energy. (rN+)
You are resistant to electric shocks. (rElec)
You can survive without breathing.
You are immune to petrification.
You are immune to rotting.


Message History

You start resting.
HP restored.
There is a stone staircase leading down here.
You climb downwards.
The slime creature barely misses you.
There is a stone staircase leading up here.
There is a stone staircase leading up here.
The slime creature barely misses you.
Two slime creatures merge to form a titanic slime creature.
You climb upwards.
There is a stone staircase leading down here.
Okay, then.
Things that are here:
a stone; an enchanted short sword You see here a club.
There is a stone staircase leading up here.
You hit the titanic slime creature.
The titanic slime creature is lightly wounded.
The titanic slime creature hits you!!!!
Ouch! That really hurt!
You die...

#...≈≈...#>....
#...........##.
#...≈≈≈..#..##.
#.....≈..#).##.
#######........#..#..
#........#######..##.
#........'...........
#........#######(.##.
#...@J.........).(...
#........####.##.....
#........# #..(.....
#........# #)##..##.
#........# #.##(.##.
#........# #.##.###.
#........# #........
#........####.##..##.
#.............##..##.


You could see a titanic slime creature.

Vanquished Creatures
  Gastronok (D:8)
  The ghost of thing2 the Digger, a novice NaEE of Cheibriados (D:8)
  4 slime creatures
  Sigmund (D:2)
  A hungry ghost (D:8)
  Duvessa (D:7)
  4 ice beasts
  3 orc warriors
  A phantom (D:6)
  2 black bears (D:6)
  5 ogres
  A centaur (D:4)
  A big kobold (D:8)
  4 bullfrogs
  A wyvern zombie (D:8)
  Dowan (D:7)
  A water moccasin skeleton (D:5)
  3 scorpions
  6 killer bees (D:9)
  An electric eel (D:8)
  A crimson imp (D:9)
  A quasit (D:7)
  3 jellies
  11 orc priests
  A bullfrog skeleton (D:4)
  3 hounds
  10 orc wizards
  3 iguanas
  Natasha (twice) (D:2)
  6 worker ants
  A hound skeleton (D:7)
  Robin (D:2)
  9 adders
  A gnoll (D:6)
  2 shadow imps (D:8)
  An ooze (D:5)
  An adder zombie (D:9)
  2 adder skeletons (D:4)
  2 worms (D:3)
  2 dart slugs
  8 leopard geckos
  55 orcs
  4 bats
  5 giant cockroaches
  12 goblins
  12 hobgoblins
  5 jackals
  6 quokkas
  6 frilled lizards
  13 kobolds
  A leopard gecko zombie (D:5)
  2 quokka zombies
  14 rats
249 creatures vanquished.

Vanquished Creatures (others)
  A quokka (D:9)
1 creature vanquished.

Grand Total: 250 creatures vanquished

Notes
Turn   | Place    | Note
-------+----------+-------------------------------------------
     0 | D:1      | Laan the Gargoyle Fighter began the quest for the Orb.
     0 | D:1      | Reached XP level 1. HP: 14/14 MP: 1/1
   139 | D:1      | Reached skill level 2 in Axes
   193 | D:1      | Reached XP level 2. HP: 19/19 MP: 2/2
   724 | D:2      | Noticed Robin
   726 | D:2      | Reached skill level 3 in Axes
   730 | D:2      | Reached XP level 3. HP: 22/23 MP: 3/3
   744 | D:2      | Killed Robin
   747 | D:2      | Found a faded altar of an unknown god.
  1093 | D:2      | Reached XP level 4. HP: 22/28 MP: 4/4
  1171 | D:2      | Noticed Natasha
  1176 | D:2      | Killed Natasha
  1176 | D:2      | Reached skill level 4 in Axes
  1246 | D:2      | Found a hide-covered altar of Uskayaw.
  1367 | D:2      | Noticed Sigmund
  1376 | D:2      | Noticed Natasha
  1387 | D:2      | Killed Natasha
  1387 | D:2      | Reached XP level 5. HP: 8/32 MP: 5/5
  1389 | D:2      | Killed Sigmund
  1389 | D:2      | Reached skill level 5 in Axes
  1389 | D:2      | Reached XP level 6. HP: 36/37 MP: 6/6
  1559 | D:3      | Reached skill level 6 in Axes
  1578 | D:3      | Found a sparkling altar of Nemelex Xobeh.
  1775 | D:3      | Found a shadowy altar of Dithmenos.
  2587 | D:4      | Reached XP level 7. HP: 38/41 MP: 7/7
  2647 | D:4      | Reached skill level 7 in Axes
  2845 | D:4      | Noticed Dargar's ghost (novice DrGl)
  2868 | D:5      | Entered Level 5 of the Dungeon
  3352 | D:5      | Reached skill level 8 in Axes
  3357 | D:5      | Reached XP level 8. HP: 42/46 MP: 8/8
  3587 | D:5      | Reached skill level 9 in Axes
  3799 | D:5      | Found a blossoming altar of Fedhas.
  4212 | D:6      | Reached skill level 10 in Axes
  4212 | D:6      | Reached XP level 9. HP: 29/52 MP: 9/9
  4366 | D:6      | Found a hazy altar of Hepliaklqana.
  4824 | D:6      | Found a bloodstained altar of Trog.
  4988 | D:7      | Noticed Duvessa
  4988 | D:7      | Noticed Dowan
  4999 | D:7      | Killed Duvessa
  5007 | D:7      | Killed Dowan
  5064 | D:7      | Got a crude chain mail
  5065 | D:7      | Identified the cursed +0 chain mail of Wageenedwi {Int+6} (You found it on level 7 of the Dungeon)
  5133 | D:7      | Reached skill level 5 in Fighting
  5133 | D:7      | Reached skill level 5 in Armour
  5133 | D:7      | Reached skill level 5 in Shields
  5177 | D:7      | Found a burning altar of Makhleb.
  5353 | D:7      | Found a staircase to the Ecumenical Temple.
  5364 | Temple   | Entered the Ecumenical Temple
  5385 | Temple   | Became a worshipper of Warmaster Okawaru
  5759 | D:8      | Found a hazy altar of Hepliaklqana.
  5760 | D:8      | Found a deep blue altar of Sif Muna.
  5771 | D:8      | Noticed Gastronok
  5911 | D:8      | HP: 1/81 [Gastronok (17)]
  5912 | D:8      | Killed Gastronok
  5912 | D:8      | Reached * piety under Okawaru
  5912 | D:8      | Reached skill level 11 in Axes
  5912 | D:8      | Reached XP level 10. HP: 1/60 MP: 1/10
  6437 | D:8      | Noticed thing2's ghost (novice NaEE)
  6483 | D:8      | Killed thing2's ghost
  6483 | D:8      | Reached ** piety under Okawaru
  7141 | D:9      | Got a slimy ring mail
  7142 | D:9      | Identified the +2 ring mail "Cukoy" {rPois rC+ rCorr Str+6} (You found it on level 9 of the Dungeon)
  7270 | D:9      | Reached *** piety under Okawaru
  7270 | D:9      | Reached XP level 11. HP: 57/67 MP: 8/11
  7275 | D:9      | Found a white marble altar of Elyvilon.
  7322 | D:8      | Reached skill level 12 in Axes
  7675 | D:8      | Found a sacrificial altar of Ru.
  7970 | D:8      | Mangled by a titanic slime creature

Vault maps used:
D:1:      lightli_arrival_isolated_outpost
D:2:      lemuel_doored_altar, chequers_ecumenical_altar_simple, fountainhead,
          uniq_sigmund, uniq_robin, uniq_natasha
D:3:      old_standard_altar, grunt_dithmenos_smoke, first_ration,
          kennysheep_generic_room_2
D:4:      corexii_leaking_fountain
D:5:      fedhas_altar_2
D:6:      trog_ov_bears_minmay, minmay_ruined_shrine
D:7:      overflow_temple_1_default, temple_statues, uniq_duvessa
D:8:      nicolae_overflow_hidden_temple, uniq_gastronok, uniq_erica
D:9:      elyvilon_altar_4, lair_entry_dummy
Temple:   nicolae_temple_hex_pool

Skill      XL: |  1  2  3  4  5  6  7  8  9 10 11 |
---------------+----------------------------------+-----
Axes           | 2 3 4 5 6 8 10 11 12 | 12.1
Fighting       | 6 7 |  7.3
Armour         | 6 7 |  7.3
Shields        | 6 7 |  7.3

Action                   |  1- 3 |  4- 6 |  7- 9 | 10-12 || total
-------------------------+-------+-------+-------+-------++-------
Melee: War axe           |   118 |   175 |   529 |   189 ||  1011
Evoke: Wand              |       |       |     2 |     7 ||     9
  Use: Potion            |     1 |     1 |     8 |     1 ||    11
       Scroll            |       |       |     7 |     1 ||     8
  Eat: Chunk             |     1 |     5 |    11 |     4 ||    21
       Ration            |       |       |       |     2 ||     2
Armor: Scale mail        |    68 |    21 |       |       ||    89
       Ring mail         |       |    79 |   256 |    69 ||   404
Dodge: Dodged            |    52 |    61 |   155 |    59 ||   327
Block: Shield            |    75 |    85 |   227 |   105 ||   492

Table legend:
 A = Spawn XP
 B = Non-spawn XP
 C = Spawn XP percentage of total XP
 D = Spawn monster count
 E = Non-spawn monster count
 F = Spawn count percentage of total count
 G = Total turns spent on level
                    A         B        C        D         E        F      G
               +---------+---------+-------+---------+---------+-------+---------
         Total |       0 |   10415 |   0.0 |       0 |     249 |   0.0 |  7970
               +---------+---------+-------+---------+---------+-------+---------
           D:1 |       0 |      27 |   0.0 |       0 |      16 |   0.0 |   713
           D:2 |       0 |     398 |   0.0 |       0 |      37 |   0.0 |   808
           D:3 |       0 |     163 |   0.0 |       0 |      33 |   0.0 |  1003
           D:4 |       0 |     300 |   0.0 |       0 |      11 |   0.0 |   344
           D:5 |       0 |     953 |   0.0 |       0 |      38 |   0.0 |  1153
           D:6 |       0 |    1345 |   0.0 |       0 |      35 |   0.0 |   967
           D:7 |       0 |     929 |   0.0 |       0 |      17 |   0.0 |   742
           D:8 |       0 |    4724 |   0.0 |       0 |      35 |   0.0 |  1789
           D:9 |       0 |    1576 |   0.0 |       0 |      27 |   0.0 |   408
               +---------+---------+-------+---------+---------+-------+---------
